 Dungeon Crawl Stone Soup version 5.1-80-g04056d8 (webtiles) character file.

73 amyqute1 the Shield-Bearer (level 5, -1/41 HPs)
             Began as a Demonspawn Fighter on Nov 4, 2017.
             Slain by a gnoll
             ... wielding a +0 halberd
              (3 damage)
             ... on level 3 of the Dungeon.
             The game lasted 00:04:07 (2575 turns).

amyqute1 the Shield-Bearer (Demonspawn Fighter)     Turns: 2575, Time: 00:04:09

Health: -1/41      AC:  6 (28%)Str: 16  XL:     5   Next: 38%
Magic:  5/5        EV:  7    Int:  9    God:
Gold:   179        SH:  9    Dex: 14    Spells: 4/4 levels left

rFire    . . .     SeeInvis .   a - +0 war axe
rCold    . . .     Faith    .   c - +0 shield
rNeg     . . .     Spirit   .   b - +0 scale mail
rPois    .         Reflect  .   (no helmet)
rElec    .                      (no cloak)
rCorr    .                      (no gloves)
MR       .....                  (no boots)
Stlth    ..........             (no amulet)
Regen    0.2/turn               (no ring)
MPRegen  0.2/turn               (no ring)

@: no status effects
A: claws 1, spiny 3
a: no special abilities


You were on level 3 of the Dungeon.
You were not hungry.

You visited 1 branch of the dungeon, and saw 3 of its levels.

You collected 179 gold pieces.

Inventory:

Hand Weapons
 a - a +0 war axe (weapon)
Missiles
 e - 794 stones (quivered)
 f - 362 arrows
 k - 104 bolts
Armour
 b - a +0 scale mail (worn)
 c - a +0 shield (worn)
Jewellery
 i - a +6 ring of intelligence
 l - an uncursed ring of ice
Scrolls
 g - a scroll of blinking
 h - 3 scrolls of teleportation
 j - a scroll of enchant weapon
 o - a scroll of amnesia
 p - a scroll of enchant armour
Potions
 d - a potion of augmentation
 m - 2 potions of curing
 n - a potion of flight


   Skills:
 + Level 3.2 Fighting
 + Level 3.2 Axes
 + Level 3.4 Armour
 + Level 1.6 Dodging
 + Level 3.5 Shields


You had 4 spell levels left.
You didn't know any spells.

Dungeon Overview and Level Annotations

Branches:
Dungeon (3/15)

Altars:
Dithmenos
Elyvilon
Makhleb
Okawaru
Trog
Vehumet


Innate Abilities, Weirdness & Mutations

You have sharp fingernails.
You are completely covered in sharp spines.


Message History

You kill the adder!
The gnoll closely misses you. You block the gnoll's attack.
You barely miss the gnoll.
The gnoll hits you from afar with a +0 halberd (12)!
* * * LOW HITPOINT WARNING * * *
You block the gnoll's attack. The gnoll completely misses you.
You closely miss the gnoll.
The gnoll hits you from afar with a +0 halberd (1).
* * * LOW HITPOINT WARNING * * *
The gnoll is struck by your spines (5)
The gnoll hits you with a +0 whip (4).
* * * LOW HITPOINT WARNING * * *
The gnoll closely misses you.
You closely miss the gnoll.
The gnoll is moderately wounded.
The gnoll hits you but does no damage. The gnoll is struck by your spines (3)
The gnoll hits you but does no damage. You block the gnoll's attack.
The gnoll hits you from afar with a +0 halberd (3).
You die...

#########....... ...
.#...#....#...... ...
..........#...... . #..
.................... #..
...............## ...###..
................# .[..#..
........ggg.#.#.# #......
##......#g......# #.###..
##...###@####... #...#..
###.####..# #>.#####...#
####...#....## #......#....
#........#### #.####......
#.....############..#####....
#.....##.....#.......# ##....
#.....#....>.).......###...#.
#....#........)...........###
#....#..................###


You could see 4 gnolls.

Vanquished Creatures
  A scorpion (D:3)
  3 gnolls (D:3)
  3 adders
  An ooze (D:1)
  2 dart slugs (D:1)
  6 quokkas
  7 bats
  A giant cockroach (D:3)
  3 goblins
  9 hobgoblins
  10 jackals
  10 kobolds
  7 frilled lizards
  6 rats
69 creatures vanquished.

Notes
Turn   | Place    | Note
-------+----------+-------------------------------------------
     0 | D:1      | amyqute1 the Demonspawn Fighter began the quest for the Orb.
     0 | D:1      | Reached XP level 1. HP: 18/18 MP: 1/1
    83 | D:1      | Gained mutation: You are partially covered in sharp spines. [demonic ancestry]
    83 | D:1      | Reached XP level 2. HP: 7/24 MP: 2/2
   303 | D:1      | Gained mutation: You are mostly covered in sharp spines. [demonic ancestry]
   303 | D:1      | Reached XP level 3. HP: 11/29 MP: 3/3
  1060 | D:2      | Found a radiant altar of Vehumet.
  1089 | D:2      | Found a bloodstained altar of Trog.
  1164 | D:2      | Found a white marble altar of Elyvilon.
  1170 | D:2      | Reached skill level 1 in Dodging
  1173 | D:2      | Gained mutation: You have sharp fingernails. [demonic ancestry]
  1173 | D:2      | Reached XP level 4. HP: 27/35 MP: 4/4
  1390 | D:2      | Found a shadowy altar of Dithmenos.
  1408 | D:2      | Found a burning altar of Makhleb.
  1636 | D:2      | Found an iron altar of Okawaru.
  2125 | D:3      | Found a faded altar of an unknown god.
  2145 | D:3      | Gained mutation: You are completely covered in sharp spines. [demonic ancestry]
  2145 | D:3      | Reached XP level 5. HP: 9/41 MP: 5/5
  2574 | D:3      | HP: 2/41 [gnoll/+0 whip (4)]
  2575 | D:3      | Slain by a gnoll

Skill      XL: |  1  2  3  4 |
---------------+-------------+-----
Axes           | 2 3 |  3.2
Shields        | 3 |  3.5
Armour         | 3 |  3.4
Dodging        | 1 |  1.6
Fighting       | |  3.2

Action                   |  1- 3 |  4- 6 || total
-------------------------+-------+-------++-------
Melee: War axe           |    98 |    54 ||   152
Armor: Scale mail        |    62 |    15 ||    77
Dodge: Dodged            |    28 |    26 ||    54
Block: Shield            |    68 |    35 ||   103
